 Dungeon Crawl Stone Soup version 0.29.1-13-g9f3cf754e1 (webtiles) character file.

Game seed: 8366095706912696596

23763 cdecastro the Fighter (level 12, -18/95 HPs)
             Began as a Demonspawn Gladiator on Jan 21, 2023.
             Was a Priest of Hepliaklqana.
             Demolished by a skeletal warrior
             ... wielding a +0 battleaxe
              (23 damage)
             ... on level 8 of the Dungeon on Jan 23, 2023.
             The game lasted 01:09:06 (18707 turns).

cdecastro the Fighter (Demonspawn Gladiator)       Turns: 18707, Time: 01:09:07

Health: -18/95     AC: 12    Str: 19    XL:     12   Next: 74%
Magic:  0/18       EV: 20    Int: 13    God:    Hepliaklqana [***...]
Gold:   398        SH:  4    Dex: 14    Spells: 11/11 levels left

rFire   + + .      SeeInvis .   m - +4 falchion "Loteim" {vorpal, *Slow rPois rF++ Int+2}
rCold   . . .      Faith    .   (no shield)
rNeg    + + .      Spirit   +   q - +5 leather armour of the Turtledove {rN++}
rPois   +          Reflect  .   (helmet restricted)
rElec   .          Harm     .   (no cloak)
rCorr   .          Rampage  .   (no gloves)
Will    .....                   (no boots)
Stlth   ++++......              o - amulet of guardian spirit
HPRegen 0.25/turn               k - ring of poison resistance
MPRegen 0.16/turn               E - +4 ring of evasion

@: no status effects
A: reduced essence, antennae 1, repulsion field 2, demonic guardian 1, icemail
1, condensation shield
a: Renounce Religion, Recall Ancestor, Ancestor Identity, Transference


You were on level 8 of the Dungeon.
You worshipped Hepliaklqana.
Hepliaklqana was most pleased with you.
You visited 2 branches of the dungeon, and saw 14 of its levels.
You also visited: Ossuary.

You collected 1831 gold pieces.
You spent 1433 gold pieces at shops.

Inventory:

Hand Weapons
 m - the +4 falchion "Loteim" (weapon) {vorpal, *Slow rPois rF++ Int+2}
   (You bought it in a shop on level 10 of the Dungeon)

   It inflicts extra damage upon your enemies.
   Int:       It affects your intelligence (+2).
   rF:        It greatly protects you from fire.
   rPois:     It protects you from poison.
   *Slow:     It may slow you when you take damage.
 t - a +1 dagger of venom
 I - a +2 rapier of venom
Missiles
 d - 3 throwing nets
 e - a javelin
 g - 8 poisoned darts (quivered)
 h - 2 curare-tipped darts
 y - 3 atropa-tipped darts
 D - 3 silver boomerangs
 X - 7 boomerangs
Armour
 i - +1 acid dragon scales
 q - the +5 leather armour of the Turtledove (worn) {rN++}
   (You found it on level 3 of the Dungeon)

   rN:        It greatly protects you from negative energy.
 J - a +2 robe of resistance
 W - +0 steam dragon scales
Magical Staves
 L - a staff of poison
 Z - a staff of death
Jewellery
 k - a ring of poison resistance (left hand)
 o - an amulet of guardian spirit (around neck)
 s - an amulet of magic regeneration
 v - a ring of positive energy
 E - a +4 ring of evasion (right hand)
 U - a ring of wizardry
Wands
 a - a wand of flame (10)
 F - a wand of digging (9)
 H - a wand of roots (10)
 T - a wand of paralysis (12)
Scrolls
 b - a scroll of brand weapon
 c - 3 scrolls of acquirement
 j - a scroll of torment
 l - a scroll of silence
 p - 3 scrolls of enchant weapon
 r - a scroll of enchant armour
 w - 2 scrolls of immolation
 x - a scroll of magic mapping
 K - a scroll of blinking
 N - 2 scrolls of fog
 R - 3 scrolls of vulnerability
 V - 4 scrolls of amnesia
Potions
 f - 10 potions of curing
 n - a potion of resistance
 u - 4 potions of mutation
 z - 2 potions of ambrosia
 A - 2 potions of brilliance
 B - 4 potions of lignification
 C - 5 potions of haste
 G - 2 potions of magic
 M - a potion of degeneration {unknown}
 O - a potion of cancellation
 P - 6 potions of attraction
 Q - 3 potions of heal wounds
 S - 2 potions of might
 Y - 4 potions of flight


   Skills:
 + Level 13.6 Fighting
 - Level 10.0 Short Blades
 - Level 2.6 Polearms
 - Level 1.7 Throwing
 - Level 5.0 Dodging
 - Level 9.0 Stealth
 - Level 9.0 Invocations
 - Level 5.0 Evocations


You had 11 spell levels left.
You didn't know any spells.
Your spell library contained the following spells:

 Spells                   Type           Power      Damage    Failure   Level
 Apportation              Tloc           0%         N/A       36%         1
 Necrotise                Necr           0%         1d4       36%         1
 Blink                    Tloc           0%         N/A       50%         2
 Call Canine Familiar     Summ           0%         N/A       73%         3
 Lesser Beckoning         Tloc           0%         N/A       73%         3
 Portal Projectile        Hex/Tloc       0%         N/A       73%         3
 Vampiric Draining        Necr           0%         2d6       73%         3
 Leda's Liquefaction      Hex/Erth       0%         N/A       98%         4
 Agony                    Necr           0%         N/A       100%        5
 Alistair's Intoxication  Tmut/Pois      0%         N/A       100%        5
 Manifold Assault         Tloc           0%         N/A       100%        5
 Storm Form               Tmut/Air       0%         N/A       100%        7


Dungeon Overview and Level Annotations

Branches:
Dungeon (13/15)            Temple (1/1) D:6            Lair (0/5) D:11
    Orc (0/2) D:12        Ossuary (visited)
 Vaults: D:13-14

Altars:
Ashenzari
Cheibriados
Dithmenos
Fedhas
Gozag
Hepliaklqana
Kikubaaqudgha
Makhleb
Nemelex Xobeh
Okawaru
Qazlal
Ru
Sif Muna
Trog
Uskayaw
Vehumet
Wu Jian
Xom
Yredelemnul

Shops:
D:7 *   D:8 !   D:10 (:=(=

Portals:
Abyss: D:7
Trove: D:10 (show abyssal rune of Zot)

Annotations:
D:7 2 transporters, hawla's ghost, novice MeFE
D:8 not done
D:9 vault need dig
D:12 Azrael


Innate Abilities, Weirdness & Mutations

Your life essence is reduced to manifest your ancestor. (-10% HP)
You have a pair of small antennae on your head.
You are surrounded by a moderate repulsion field. (EV +3)
A weak demonic guardian rushes to your aid.
A meltable icy envelope protects you from harm. (AC +4)
A meltable shield of frost defends you. (SH +4)


Message History

* * * LOW HITPOINT WARNING * * *
Unknown command.
You hit the skeletal warrior but do no damage.
The skeletal warrior is almost destroyed.
The skeletal warrior hits you but does no damage.
The skeletal warrior hits your white imp with a +0 battleaxe!!
Your white imp dies!
Your white imp disappears in a puff of smoke!
Unknown command.
You barely miss the skeletal warrior.
The skeletal warrior is almost destroyed.
The skeletal warrior hits you with a +0 battleaxe!
* * * LOW HITPOINT WARNING * * *
Unknown command.
You hit the skeletal warrior but do no damage.
The skeletal warrior is almost destroyed.
The skeletal warrior hits you with a +0 battleaxe!
* * * LOW HITPOINT WARNING * * *
Unknown command.
You barely miss the skeletal warrior.
The skeletal warrior is almost destroyed.
The skeletal warrior completely misses you.
Unknown command.
You hit the skeletal warrior.
The skeletal warrior is almost destroyed.
The skeletal warrior misses you.
Unknown command.
You hit the skeletal warrior but do no damage.
The skeletal warrior is almost destroyed.
The skeletal warrior closely misses you.
Unknown command.
You hit the skeletal warrior.
The skeletal warrior is almost destroyed.
The skeletal warrior hits you with a +0 battleaxe!
* * * LOW HITPOINT WARNING * * *
Unknown command.
You hit the skeletal warrior but do no damage.
The skeletal warrior is almost destroyed.
The skeletal warrior hits you with a +0 battleaxe!!
You die...

#[# #.# #..>..##. #.# #.#
###.###.. #.# #.# #.# #.P
#.# #.# #.# #..
#.###.#####.####.
#########.##.......))....
#.........##..#####z#####
#<#######........##z##
#.#.....@z.#####.#...##
#.#.#......# #......###
#.#....##..# #.........
#.##.#.##..# #......###
#.##...##..#####.#...##
#.###..##........##.###
#.###..##.########.#..#
#.........# ##.#.#
####.....## ###.#


You could see a skeletal warrior.

Vanquished Creatures
  A hydra (D:11)
  3 boulder beetles
  A centaur warrior (D:11)
  A two-headed ogre (D:11)
  A skeletal warrior (D:7)
  Pikel (D:5)
  2 ugly things
  A cyclops (D:12)
  A manticore (D:12)
  2 gargoyles
  A kobold demonologist (D:10)
  An unseen horror (D:12)
  2 trolls (D:10)
  2 wyverns (D:11)
  2 wraiths
  16 yaks
  A water elemental (D:12)
  4 vampire mosquitoes
  2 steam dragons (D:7)
  3 acid dragons
  2 water moccasins
  6 orc warriors
  An ice beast (D:6)
  A black bear (D:7)
  5 centaurs
  3 ogres
  2 kobold brigands
  A lemure (D:4)
  4 bullfrogs
  5 scorpions
  3 killer bees (D:7)
  3 howler monkeys
  A hound (D:7)
  4 orc priests
  3 iguanas
  8 orc wizards
  6 adders
  2 white imps
  2 worms
  2 dart slugs
  29 orcs
  5 endoplasms
  3 giant cockroaches
  12 hobgoblins
  9 jackals
  7 quokkas
  4 ball pythons
  7 bats
  2 frilled lizards (D:3)
  8 goblins
  A hobgoblin zombie (Ossuary)
  18 kobolds
  A kobold zombie (Ossuary)
  6 rats
224 creatures vanquished.

Vanquished Creatures (collateral kills)
  3 hydras
  3 two-headed ogres
  A skeletal warrior (D:8)
  An ugly thing (D:11)
  A manticore (D:12)
  2 cyclopes (D:11)
  Psyche (D:9)
  Sigmund (D:5)
  A wraith (D:11)
  A vampire (D:11)
  2 fire elementals (D:12)
  A steam dragon (D:7)
  8 yaks
  A vampire mosquito (D:11)
  3 orc warriors
  A centaur (D:7)
  A phantom (D:5)
  A necrophage (D:7)
  A killer bee (D:7)
  An orc priest (D:10)
  7 orc wizards
  8 mummies (Ossuary)
  A worm (D:5)
  11 orcs
  A hobgoblin zombie (Ossuary)
  A kobold (D:8)
  3 kobold zombies (Ossuary)
  2 orc zombies (Ossuary)
69 creatures vanquished.

Vanquished Creatures (others)
  13 hexers
  11 fungi (D:8)
  A plant (D:1)
  2 toadstools (D:8)
27 creatures vanquished.

Grand Total: 320 creatures vanquished

Notes
Turn   | Place    | Note
-------+----------+-------------------------------------------
     0 | D:1      | cdecastro the Demonspawn Gladiator began the quest for the
                  | Orb.
     0 | D:1      | Reached XP level 1. HP: 16/16 MP: 1/1
   177 | D:1      | Gained mutation: You are surrounded by a mild repulsion
                  | field. (EV +2) [demonic ancestry]
   177 | D:1      | Reached XP level 2. HP: 23/23 MP: 2/2
   350 | D:1      | Reached skill level 3 in Fighting
   500 | D:1      | Found a faded altar of an unknown god.
  1102 | D:2      | Gained mutation: You are surrounded by a moderate repulsion
                  | field. (EV +3) [demonic ancestry]
  1102 | D:2      | Reached XP level 3. HP: 27/29 MP: 3/3
  1321 | D:2      | Reached skill level 4 in Fighting
  1573 | D:3      | Identified the +5 leather armour of the Turtledove {rN++}
  1756 | D:3      | Gained mutation: A weak demonic guardian rushes to your
                  | aid. [demonic ancestry]
  1756 | D:3      | Reached XP level 4. HP: 38/38 MP: 4/4
  1986 | D:3      | Found a hazy altar of Hepliaklqana.
  2516 | D:3      | Reached skill level 5 in Fighting
  2710 | D:3      | Became a worshipper of Hepliaklqana the Forgotten
  2837 | D:4      | Reached XP level 5. HP: 43/44 MP: 5/5
  2878 | D:4      | Noticed an ogre
  2930 | D:4      | Reached skill level 6 in Fighting
  3086 | D:4      | Found an ornate altar of the Wu Jian Council.
  3174 | D:4      | Found an iron altar of Okawaru.
  3195 | D:4      | Reached XP level 6. HP: 52/53 MP: 6/6
  3653 | D:4      | Reached skill level 7 in Fighting
  4015 | D:4      | Found a shadowy altar of Dithmenos.
  4110 | D:5      | Entered Level 5 of the Dungeon
  4114 | D:5      | Noticed Pikel
  4173 | D:5      | Reached * piety under Hepliaklqana
  4201 | D:5      | Killed Pikel
  4202 | D:5      | Reached skill level 9 in Fighting
  4202 | D:5      | Reached XP level 7. HP: 41/57 MP: 7/7
  4395 | D:5      | Gained mutation: A meltable shield of frost defends you.
                  | (SH +4) [demonic ancestry]
  4395 | D:5      | Reached XP level 8. HP: 54/64 MP: 8/8
  4478 | D:5      | Found an opulent altar of Gozag.
  4848 | D:5      | Noticed Sigmund
  4856 | D:5      | Reached skill level 10 in Fighting
  4856 | D:5      | Reached skill level 1 in Stealth
  4997 | D:5      | Killed Sigmund
  5569 | D:6      | Reached skill level 5 in Stealth
  5574 | D:6      | Reached skill level 1 in Short Blades
  5750 | D:6      | Found a staircase to the Ecumenical Temple.
  5827 | Temple   | Entered the Ecumenical Temple
  6364 | D:7      | Gained mutation: You have a pair of small antennae on your
                  | head. [demonic ancestry]
  6364 | D:7      | Reached XP level 9. HP: 70/70 MP: 9/9
  6371 | D:7      | Reached ** piety under Hepliaklqana
  6372 | D:7      | Remembered your ancestor Londisizwe as a hexer
  6390 | D:7      | Found Leczypn's Assorted Antiques.
  6396 | D:7      | Bought a scroll labelled SIADI TEISEON for 28 gold pieces
  6396 | D:7      | Bought a scroll labelled HEWUITHEVI for 28 gold pieces
  6396 | D:7      | Bought a scroll labelled SIADI TEISEON for 28 gold pieces
  6487 | D:7      | Found a sand-covered staircase.
  6547 | Ossuary  | Entered an ossuary
  6875 | D:7      | Found a transporter.
  6905 | D:7      | Noticed hawla's ghost (novice MeFE)
  6920 | D:7      | Reached skill level 5 in Short Blades
  7086 | D:7      | Found a transporter.
  7087 | D:7      | Found a one-way gate to the infinite horrors of the Abyss.
  7173 | D:7      | Found a hide-covered altar of Uskayaw.
  7756 | D:8      | Reached XP level 10. HP: 33/76 MP: 10/10
  7973 | D:8      | Found Hixaj's Distillery.
  7982 | D:8      | Bought a potion of haste for 140 gold pieces
  7982 | D:8      | Bought a potion of flight for 42 gold pieces
  7982 | D:8      | Bought a potion of magic for 112 gold pieces
  7982 | D:8      | Bought a potion of heal wounds for 70 gold pieces
  7982 | D:8      | Bought a potion of lignification for 42 gold pieces
  7982 | D:8      | Bought a potion of mutation for 112 gold pieces
  8110 | D:8      | Noticed a skeletal warrior
  8111 | D:8      | Noticed a skeletal warrior
  8112 | D:8      | Noticed a skeletal warrior
  8409 | D:9      | Reached *** piety under Hepliaklqana
  8679 | D:9      | Noticed Psyche
  8692 | D:9      | Killed Psyche
  8787 | D:9      | Reached skill level 1 in Invocations
  9225 | D:10     | Entered Level 10 of the Dungeon
  9440 | D:10     | Reached skill level 10 in Short Blades
  9609 | D:10     | Found Sul Jeil's Book Shoppe.
  9741 | D:10     | Found Ismolureg's Weapon Boutique.
  9942 | D:10     | Found Ecsaot's Jewellery Boutique.
  9957 | D:10     | Identified the +2 falchion of the Hurling Asp {venom, Str-4
                  | Int+4}
  9960 | D:10     | Noticed a sixfirhy
 10062 | D:10     | Noticed a rust devil
 10099 | D:10     | Reached skill level 5 in Dodging
 10362 | D:10     | Found a portal to a secret trove of treasure.
 10532 | D:10     | Found Xexkaxib's Jewellery Shoppe.
 10885 | D:10     | Found Caca's Antique Weapon Shoppe.
 11102 | D:11     | Noticed a boulder beetle
 11247 | D:11     | Noticed a cyclops
 11639 | D:11     | Killed a boulder beetle
 11640 | D:11     | Gained mutation: A meltable icy envelope protects you from
                  | harm. (AC +4) [demonic ancestry]
 11640 | D:11     | Reached XP level 11. HP: 36/81 MP: 13/13
 11839 | D:11     | Noticed a four-headed hydra
 11844 | D:11     | Noticed a centaur warrior
 11845 | D:11     | Noticed a purple ugly thing
 11846 | D:11     | Reached **** piety under Hepliaklqana
 12093 | D:11     | Noticed a two-headed ogre
 12296 | D:11     | Killed a two-headed ogre
 12587 | D:11     | Noticed a two-headed ogre
 12957 | D:11     | Noticed a boulder beetle
 12958 | D:11     | Noticed a two-headed ogre
 13205 | D:11     | Killed a two-headed ogre
 13321 | D:11     | Found a staircase to the Lair.
 13433 | D:11     | Noticed a seven-headed hydra
 13460 | D:12     | Noticed a five-headed hydra
 13560 | D:12     | Reached skill level 5 in Invocations
 13604 | D:12     | Noticed a cyan ugly thing
 13604 | D:12     | Noticed a boulder beetle
 13611 | D:12     | Killed a boulder beetle
 13618 | D:12     | Killed a cyan ugly thing
 13802 | D:12     | Noticed a two-headed ogre
 13883 | D:12     | Noticed a two-headed ogre
 13886 | D:12     | Noticed a deep elf pyromancer
 13886 | D:12     | Noticed a four-headed hydra
 13887 | D:12     | Noticed a two-headed ogre
 13892 | D:12     | Noticed a seven-headed hydra
 13895 | D:12     | Noticed a purple ugly thing
 13908 | D:12     | Noticed a white ugly thing
 14319 | D:12     | Reached skill level 11 in Fighting
 14715 | D:12     | Found a staircase to the Orcish Mines.
 14995 | D:11     | Killed a seven-headed hydra
 14996 | D:11     | Reached skill level 12 in Fighting
 15115 | D:12     | Killed a five-headed hydra
 15129 | D:12     | Reached XP level 12. HP: 22/91 MP: 17/17
 15148 | D:13     | Noticed a six-headed hydra
 15161 | D:12     | Killed a four-headed hydra
 15371 | D:12     | Killed a two-headed ogre
 15525 | D:12     | Reached skill level 1 in Evocations
 15569 | D:12     | Noticed Azrael
 15797 | D:11     | Killed a four-headed hydra
 15807 | D:11     | Killed a centaur warrior
 16290 | D:11     | Reached skill level 5 in Evocations
 17321 | D:11     | Identified 4 scrolls of acquirement
 17331 | D:11     | Acquired 609 gold pieces
 17469 | D:10     | Killed a two-headed ogre
 17470 | D:10     | Reached skill level 13 in Fighting
 17510 | D:10     | Bought a +4 ring of evasion for 396 gold pieces
 17548 | D:10     | Killed a boulder beetle
 17601 | D:10     | Bought a polished falchion for 232 gold pieces
 17601 | D:10     | Identified the +4 falchion "Loteim" {vorpal, *Slow rPois
                  | rF++ Int+2} (You bought it in a shop on level 10 of the
                  | Dungeon)
 17601 | D:10     | Bought a glowing rapier for 203 gold pieces
 18707 | D:8      | Demolished by a skeletal warrior

Illustrated notes

Levels and vault maps discovered:
D:1:      matt_arrival_los_fun, layout_rooms,
          shapermc_ecumenical_altar_mp_urbaneastern, chequers_big_river
D:2:      layout_rooms
D:3:      minmay_spotlight, layout_basic, mainiacjoe_overflow_surrounded_room
D:4:      kennysheep_six_static_rooms, layout_basic,
          mainiacjoe_overflow_catch_the_wave, lemuel_coloured_pillars_altar,
          lemuel_crystal_altar, grunt_ministairs_9,
          chequers_serial_rivers_room_b, minmay_stone_trees_medium,
          nrook_mini_backslash
D:5:      layout_basic, nicolae_gozag_cash_rules_everything_around_me,
          uniq_sigmund, uniq_pikel
D:6:      layout_rooms, minmay_temple_entry_overgrown
D:7:      layout_rooms, nicolae_overflow_crystal_walls,
          chequers_ossuary_entry_cave, serial_shops, nicolae_diamond_shop,
          gammafunk_ghost_abyssal_escape
D:8:      layout_loops_ring, elyvilon_altar_1, serial_shops, shop,
          minmay_gold_behind_fungi
D:9:      layout_loops_ring, lightli_corner_chamber, uniq_psyche
D:10:     layout_loops_ring, nicolae_trove_entry_crossroad, serial_shops,
          nicolae_shop_hallway_stairs, nicolae_take_the_stairs,
          nicolae_shop_temple_entry_statues_fountains,
          nicolae_shop_bloodbath_and_beyond, nicolae_shop_crystal
D:11:     hangedman_cross_cluster, layout_grid_maze
D:12:     minmay_nested_s, layout_gridville, erik_orc_2, uniq_josephine,
          uniq_azrael
D:13:     layout_basic, david_vaults_4, grunt_ministairs_14,
          nicolae_blasting_shop
Temple:   compressed_dpeg_circular_temple

Skill      XL: |  1  2  3  4  5  6  7  8  9 10 11 12 |
---------------+-------------------------------------+-----
Fighting       | 3 4 5 6 9 10 12 13 | 13.6
Stealth        | 5 7 9 |  9.0
Short Blades   | 3 8 10 | 10.0
Invocations    | 3 7 9 |  9.0
Dodging        | 5 |  5.0
Evocations     | 5 |  5.0
Polearms       | |  2.6
Throwing       | |  1.7

Action                   |  1- 3 |  4- 6 |  7- 9 | 10-12 || total
-------------------------+-------+-------+-------+-------++-------
Melee: Trident           |   133 |    17 |       |       ||   150
       Punch             |     1 |     6 |     5 |    11 ||    23
       Dagger            |       |   239 |   306 |   788 ||  1333
       Rapier            |       |       |       |    52 ||    52
       Falchion          |       |       |       |    16 ||    16
Invok: Recall Ancestor   |       |       |     1 |    16 ||    17
       Ancestor Life: He |       |       |     1 |       ||     1
       Idealise          |       |       |       |     2 ||     2
Evoke: Wand              |       |       |       |     7 ||     7
  Use: Scroll            |       |       |       |    31 ||    31
       Potion            |       |       |       |     1 ||     1
 Stab: Sleeping          |     2 |       |     5 |     6 ||    13
       Distracted        |       |       |     3 |     9 ||    12
       Confused          |       |       |     7 |    18 ||    25
       Paralysed         |       |       |       |     3 ||     3
Armor: Leather armour    |    20 |    81 |    56 |   127 ||   284
       Scale mail        |     6 |       |       |       ||     6
Dodge: Dodged            |    90 |   235 |   143 |   379 ||   847
Block: Other             |       |       |    34 |    79 ||   113
